 Dungeon Crawl Stone Soup version 0.22.2-1-ge965b3a (webtiles) character file.

40 BoppinsLewinski the Chopper (level 3, -1/43 HPs)
             Began as a Demonspawn Monk on Sept 13, 2019.
             Was a Believer of Okawaru.
             Slain by Sigmund
             ... wielding a +0 scythe
              (5 damage)
             ... on level 2 of the Dungeon.
             The game lasted 00:03:37 (1989 turns).

BoppinsLewinski the Chopper (Demonspawn Monk)       Turns: 1989, Time: 00:03:37

Health: -1/43      AC: 21    Str: 12    XL:     3   Next: 30%
Magic:  0/3        EV:  2    Int: 16    God:    Okawaru [**....]
Gold:   54         SH:  0    Dex: 15    Spells: 2/2 levels left

rFire    . . .     SeeInvis .   a - +0 hand axe
rCold    . . .     Gourm    .   (no shield)
rNeg     + + +     Faith    .   (armour currently unavailable)
rPois    +         Spirit   +   (helmet currently unavailable)
rElec    .         Reflect  .   (cloak currently unavailable)
rCorr    .         Harm     .   (gloves currently unavailable)
MR       .....     NoTele   +   (boots currently unavailable)
Stlth    ++........             (no amulet)
HPRegen  0.14/turn              (no ring)
MPRegen  0.08/turn              (no ring)

@: brilliant, tree-form
A: magic shield
a: Heroism, Renounce Religion


You were on level 2 of the Dungeon.
You worshipped Okawaru.
Okawaru was pleased with you.
You were hungry.
You were a tree.
You visited 1 branch of the dungeon, and saw 2 of its levels.

You collected 54 gold pieces.

Inventory:

Hand Weapons
 a - a +0 hand axe (weapon)
Armour
 e - a +0 scale mail (melded)
Scrolls
 d - a scroll of fog {unknown}
 f - a scroll of remove curse
 i - a scroll of teleportation {unknown}
 j - a scroll of immolation {unknown}
Comestibles
 c - 3 rations
 g - 4 chunks of flesh


   Skills:
 - Level 3.1 Fighting
 * Level 3.7 Axes
 - Level 0.5 Armour
 - Level 2.6 Dodging
 - Level 1.7 Stealth
 + Level 0.2 Invocations


You had 2 spell levels left.
You didn't know any spells.
Your spell library was empty.

Dungeon Overview and Level Annotations

Branches:
Dungeon (2/15)

Altars:
Okawaru
Xom

Annotations:
D:2 Sigmund


Innate Abilities, Weirdness & Mutations

When hurt, damage is shared between your health and your magic reserves.


Message History

* * * LOW HITPOINT WARNING * * *
As you read the scroll labeled CAARUO LASH, it crumbles to dust.
You assume a fearsome visage.
Nothing appears to happen.
It was a scroll of fear.
You feel like a meek peon again.
Unknown command.
Something hits you but does no damage.
You start resting.
Something hits you!
* * * LOW HITPOINT WARNING * * *
You start resting.
Something hits you but does no damage.
You start resting.
Something hits you but does no damage.
You start resting.
You are feeling hungry.
You start resting.
You hear some strange, mumbled words.
A puff of flame appears from out of thin air!
The puff of flame hits you!
You start resting.
Something hits you.
You die...

######## #....†.#
###.####.# #...# #.#
#♣..####.### ##
.....{....+......#
..
...##.#...####...#
.# # #.#...#
#.#.##.# .# # #...#
#.#....##.#
#.########.........#
....................
###.##.###........#
#.##.# #.........


There were no monsters in sight!

Vanquished Creatures
  A worm (D:2)
  A leopard gecko (D:1)
  2 giant cockroaches (D:1)
  5 goblins
  6 hobgoblins (D:1)
  3 jackals
  A kobold (D:1)
  A ball python (D:1)
  3 bats (D:1)
  5 frilled lizards
  7 rats
35 creatures vanquished.

Vanquished Creatures (others)
  A ghoul (D:1)
  A minotaur (D:1)
  2 draconians (D:1)
  An elf (D:1)
  2 spriggans (D:1)
  A naga (D:1)
  3 ogres (D:1)
  A mummy (D:1)
  5 tentacles (D:1)
17 creatures vanquished.

Grand Total: 52 creatures vanquished

Notes
Turn   | Place    | Note
-------+----------+-------------------------------------------
     0 | D:1      | BoppinsLewinski the Demonspawn Monk began the quest for the
                  | Orb.
     0 | D:1      | Reached XP level 1. HP: 18/18 MP: 1/1
     0 | D:1      | Noticed an ogre
     0 | D:1      | Noticed a ghoul
     0 | D:1      | Noticed a draconian
     0 | D:1      | Noticed a spriggan
     0 | D:1      | Noticed an elf
     0 | D:1      | Noticed a spriggan
     0 | D:1      | Noticed an ogre
     0 | D:1      | Noticed a kraken
     0 | D:1      | Noticed a draconian
     0 | D:1      | Noticed a minotaur
     0 | D:1      | Noticed a naga
     0 | D:1      | Noticed an ogre
     4 | D:1      | Killed an ogre
     4 | D:1      | Killed an elf
     5 | D:1      | Killed a draconian
     6 | D:1      | Killed an ogre
     9 | D:1      | Killed an ogre
    10 | D:1      | Killed a spriggan
    10 | D:1      | Killed a spriggan
    12 | D:1      | Killed a ghoul
    13 | D:1      | Killed a draconian
    15 | D:1      | Killed a minotaur
    16 | D:1      | Killed a naga
   434 | D:1      | Gained mutation: When hurt, damage is shared between your
                  | health and your magic reserves. [demonic ancestry]
   434 | D:1      | Reached XP level 2. HP: 12/24 MP: 2/2
  1564 | D:1      | Found a shimmering altar of Xom.
  1807 | D:2      | Found an iron altar of Okawaru.
  1826 | D:1      | Reached XP level 3. HP: 24/29 MP: 1/3
  1915 | D:2      | Became a worshipper of Warmaster Okawaru
  1915 | D:2      | Reached * piety under Okawaru
  1915 | D:2      | Reached ** piety under Okawaru
  1967 | D:2      | Noticed Sigmund
  1989 | D:2      | Slain by Sigmund

Skill      XL: |  1 |
---------------+----+-----
Axes           | 3 |  3.7
Fighting       | |  3.1
Armour         | |  0.5
Dodging        | |  2.6
Stealth        | |  1.7
Invocations    | |  0.2

Action                   || total
-------------------------++-------
Melee: Hand axe          ||   122
Invok: Heroism           ||     1
  Use: Scroll            ||     3
       Potion            ||     2
 Stab: Sleeping          ||     1
  Eat: Chunk             ||     3
Armor: Robe              ||    14
       Scale mail        ||    41
       Skin              ||     5
Dodge: Dodged            ||    83
